 Dungeon Crawl Stone Soup version 0.30.0-29-ga12c61a403 (webtiles) character file.

Game seed: 5316259859929473086

5880 cheesebisquit the Grappler (level 10, -7/107 HPs)
             Began as a Troll Transmuter on June 16, 2023.
             Was an Initiate of Wu Jian.
             Mangled by an ice devil (23 damage)
             ... on level 9 of the Dungeon.
             The game lasted 00:44:34 (8559 turns).

cheesebisquit the Grappler (Troll Transmuter)       Turns: 8559, Time: 00:44:34

Health: -7/107     AC:  7    Str: 20    XL:     10   Next: 52%
Magic:  10/15      EV: 10    Int: 13    God:    Wu Jian [......]
Gold:   260        SH:  0    Dex:  6    Spells: 4/17 levels left

rFire   . .          .
                       - Unarmed
rCold   . . .        (no shield)
rNeg    . . .        H - +2 robe
rPois   .            a - melded +1 hat
rElec   .            w - +0 cloak
rCorr   +            (gloves unavailable)
SInv    .            (boots unavailable)
Will    +....        (no amulet)
Stlth   +            i - ring of resist corrosion
HPRegen 1.17/turn    p - ring of willpower
MPRegen 0.14/turn

%: no passive effects
@: appendages, wereblooded, unable to drink
A: horns 2, talons 2, large, unfitting armour, claws 3, regeneration 1, shaggy
fur 1, tough skin 1, clumsy 2, sense surroundings 1, robust 1, inability to
drink after injury 1
a: End Transformation, Renounce Religion


You were on level 9 of the Dungeon.
You worshipped Wu Jian.
Wu Jian was noncommittal.
You had temporarily grown beastly horns and talons.
You visited 2 branches of the dungeon, and saw 10 of its levels.

You collected 484 gold pieces.
You spent 224 gold pieces at shops.

Inventory:

Hand Weapons
 b - a +3 heavy sling
 x - a +2 dagger of venom
 y - a +0 morningstar
 D - a +0 giant spiked club
Missiles
 m - 2 throwing nets
 u - 14 poisoned darts
 v - 10 javelins
Armour
 a - a +1 hat (melded)
 w - a +0 cloak (worn)
 H - a +2 robe (worn)
Jewellery
 i - a ring of resist corrosion (left claw)
 p - a ring of willpower (right claw)
 J - a ring of poison resistance
Wands
 o - a wand of flame (19)
 z - a wand of mindburst (37)
 B - a wand of charming (8)
 K - a wand of acid (8)
Scrolls
 d - a scroll of enchant armour {unknown}
 e - a scroll of poison
 h - a scroll of amnesia
 j - 2 scrolls of fog
 r - a scroll of silence
 A - a scroll of magic mapping {unknown}
 C - a scroll of brand weapon {unknown}
 E - a scroll of immolation {unknown}
 F - a scroll of enchant weapon {unknown}
 I - a scroll of noise {unknown}
 M - 2 scrolls of teleportation {unknown}
Potions
 l - a potion of invisibility {unknown}
 q - a potion of mutation
 t - 3 potions of attraction
 L - a potion of might {unknown}


   Skills:
 - Level 6.0 Fighting
 - Level 2.0 Throwing
 - Level 2.0 Armour
 - Level 6.0 Dodging
 - Level 2.0 Stealth
 - Level 8.0 Unarmed Combat
 + Level 4.2 Spellcasting
 - Level 4.0 Transmutations
 - Level 2.0 Evocations


You had 4 spell levels left.
You knew the following spells:

 Your Spells              Type           Power      Damage    Failure   Level
a - Beastly Appendage     Tmut           26%        N/A       4%          1
b - Wereblood             Tmut           13%        N/A       6%          2
c - Spider Form           Tmut/Pois      7%         N/A       26%         3
d - Ignite Poison         Fire/Tmut/Pois 6%         N/A       34%         3
e - Ice Form              Ice/Tmut       7%         N/A       65%         4

Your spell library contained the following spells:

 Spells                   Type           Power      Damage    Failure   Level
 Slow                     Hex            8%         N/A       21%         1
 Confusing Touch          Hex            2%         N/A       52%         3
 Gell's Gravitas          Tloc           2%         N/A       52%         3
 Inner Flame              Hex/Fire       2%         N/A       52%         3
 Teleport Other           Tloc           2%         N/A       52%         3
 Vampiric Draining        Necr           2%         2d6       52%         3
 Animate Armour           Summ/Erth      4%         N/A       90%         4
 Flame Wave               Conj/Fire      2%         2d4       90%         4
 Sticky Flame             Conj/Fire      2%         2d3       90%         4
 Blade Hands              Tmut           6%         N/A       73%         5
 Dispersal                Tloc           1%         N/A       100%        6
 Iron Shot                Conj/Erth      1%         9d1       100%        6
 Ignition                 Fire           1%         3d3       100%        8


Dungeon Overview and Level Annotations

Branches:
Dungeon (9/15)             Temple (1/1) D:7
   Lair: D:8-11         Orc: D:9-12

Altars:
Ashenzari
Cheibriados
Dithmenos
Elyvilon
Fedhas
Gozag
Hepliaklqana
Kikubaaqudgha
Makhleb
Nemelex Xobeh
Okawaru
Qazlal
Ru
Sif Muna
Trog
Uskayaw
Vehumet
Wu Jian
Xom
Yredelemnul
Zin
The Shining One

Shops:
D:4 *


Innate Abilities, Weirdness & Mutations

You have temporarily grown beastly horns and talons.
You are too large for most types of armour.
You have claws for hands.
Your natural rate of healing is unusually fast.
You are covered in fur. (AC +1)
You have tough skin. (AC +1)
You are very clumsy. (Dex -4)
You passively map a small area around you.
You are robust. (+10% HP)
You occasionally lose the ability to drink potions when taking damage.


Message History

You feel sick.
You lunge at the ice devil.
You barely miss the ice devil.
You feel sick.
The ice devil hits you but does no damage.
You barely miss the ice devil. Your kick misses the ice devil.
The ice devil hits you. The ice devil freezes you!!
You barely miss the ice devil. Your kick misses the ice devil.
You headbutt the ice devil.
The ice devil is lightly wounded.
You feel sick.
You scratch the ice devil but do no damage.
Your kick misses the ice devil.
The ice devil is lightly wounded.
You feel sick.
You are no longer poisoned.
The ice devil misses you.
You closely miss the ice devil.
The kobold shouts!
You claw the ice devil, but do no damage.
You claw the ice devil!
The ice devil is moderately wounded.
The ice devil hits you! The ice devil freezes you!!
You claw the ice devil!
You claw the ice devil, but do no damage.
Your headbutt misses the ice devil. You claw the ice devil.
The ice devil is heavily wounded.
The ice devil hits you but does no damage.
Your magical contamination has completely faded away.
You closely miss the ice devil. Your kick misses the ice devil.
The ice devil is heavily wounded.
The kobold throws a stone.
The stone closely misses you. The ice devil hits you.
The ice devil freezes you!
* * * LOW HITPOINT WARNING * * *
Okay, then.
You scratch the ice devil.
The ice devil is heavily wounded.
The ice devil hits you!
* * * LOW HITPOINT WARNING * * *
The ice devil freezes you!!
You feel threatened and lose the ability to drink potions!
You die...

, ,,
$.##.###.....3..§..#** *
**##.................#....
#...##.###....###### ###
#<# *#.# #.<..# **
...g(g..# *#K# ###.##
..(.##.K. *#.# ..# #.....
(. ..#####.# #.## ...... *
........)####. *$.....
###K #).@4##. ...... * #.
, ##.#....... ...... * ,K.
,#)##...###** ....(. *
#.))#*.### #....( ##..# #
...... ##.# * ....$. * *
*... * , ...... ** ...* ,
, ♣.P.4. , * ... , .P....


You could see an ice devil and a kobold.

Vanquished Creatures
  Pikel (D:6)
  Joseph (D:8)
  A rust devil (D:9)
  A smoke demon (D:9)
  A komodo dragon (D:8)
  2 hornets (D:8)
  Prince Ribbit (D:7)
  Sigmund (D:6)
  A yak (D:8)
  4 humans (D:7)
  A wyvern (D:8)
  2 water moccasins
  An orc warrior (D:7)
  An ice beast (D:7)
  A black bear (D:4)
  2 ogres
  A centaur (D:7)
  3 lemures (D:6)
  2 phantoms
  Blork the orc (D:4)
  A kobold brigand (D:9)
  A bullfrog (D:7)
  A gnoll sergeant (D:9)
  4 scorpions
  9 killer bees
  A howler monkey (D:8)
  A quasit (D:8)
  3 orc priests
  6 hounds
  A jelly (D:6)
  A gnoll bouda (D:7)
  3 iguanas
  7 orc wizards
  18 gnolls
  4 adders
  2 dart slugs
  A worm (D:2)
  15 orcs
  6 ball pythons
  5 bats
  An endoplasm (D:1)
  5 giant cockroaches
  4 goblins
  12 hobgoblins
  16 kobolds
  6 quokkas
  6 frilled lizards
  6 rats
175 creatures vanquished.

Notes
Turn   | Place    | Note
-------+----------+-------------------------------------------
     0 | D:1      | cheesebisquit the Troll Transmuter began the quest for the
                  | Orb.
     0 | D:1      | Reached XP level 1. HP: 18/18 MP: 1/1
    78 | D:1      | Reached skill level 1 in Fighting
    79 | D:1      | Reached XP level 2. HP: 26/27 MP: 0/2
   326 | D:1      | You fall into a shaft and drop 1 floor!
   385 | D:1      | Reached XP level 3. HP: 33/33 MP: 2/4
   914 | D:2      | Reached XP level 4. HP: 19/41 MP: 2/5
  1666 | D:3      | Learned a level 2 spell: Wereblood
  1957 | D:3      | Found a bloodstained altar of Trog.
  2788 | D:3      | Reached XP level 5. HP: 39/48 MP: 6/6
  2868 | D:4      | Reached skill level 1 in Throwing
  2972 | D:4      | Noticed a black bear
  2981 | D:4      | Killed a black bear
  2982 | D:4      | Reached skill level 1 in Evocations
  2982 | D:4      | Reached XP level 6. HP: 55/55 MP: 5/7
  3044 | D:4      | Found a radiant altar of Vehumet.
  3189 | D:4      | Found Hsmimeyrgh's Humungous Hoard.
  3199 | D:4      | Bought a potion of heal wounds for 70 gold pieces
  3307 | D:4      | Learned a level 3 spell: Spider Form
  3311 | D:4      | Learned a level 3 spell: Ignite Poison
  3320 | D:4      | Noticed Blork the orc
  3335 | D:4      | Killed Blork the orc
  3336 | D:4      | Reached skill level 1 in Armour
  3336 | D:4      | Reached XP level 7. HP: 62/62 MP: 6/9
  3506 | D:4      | Reached skill level 1 in Stealth
  3672 | D:5      | Entered Level 5 of the Dungeon
  4102 | D:5      | Reached skill level 4 in Unarmed Combat
  4230 | D:5      | Reached XP level 8. HP: 66/74 MP: 8/10
  4469 | D:6      | Noticed Pikel
  4476 | D:6      | Killed Pikel
  4477 | D:6      | Reached skill level 5 in Unarmed Combat
  4678 | D:6      | Reached skill level 6 in Unarmed Combat
  4810 | D:6      | Noticed Sigmund
  5274 | D:6      | Reached XP level 9. HP: 83/84 MP: 9/11
  5285 | D:6      | Found a shadowy altar of Dithmenos.
  5456 | D:6      | Killed Sigmund
  5523 | D:4      | Bought a +1 hat for 154 gold pieces
  5743 | D:7      | Reached skill level 7 in Unarmed Combat
  5777 | D:7      | Noticed Prince Ribbit
  5788 | D:7      | Killed Prince Ribbit
  5921 | D:7      | Reached skill level 8 in Unarmed Combat
  6440 | D:7      | Reached skill level 5 in Fighting
  6681 | D:7      | Found a staircase to the Ecumenical Temple.
  6687 | Temple   | Entered the Ecumenical Temple
  6800 | Temple   | Became a worshipper of the Wu Jian Council
  6948 | D:8      | Found a sacrificial altar of Ru.
  6950 | D:8      | Found a stormy altar of Qazlal.
  6985 | D:8      | Paralysed by a hornet for 1 turns
  7004 | D:8      | Noticed a komodo dragon
  7037 | D:8      | Noticed Joseph
  7052 | D:8      | Killed Joseph
  7053 | D:8      | Reached skill level 5 in Dodging
  7053 | D:8      | Reached XP level 10. HP: 79/98 MP: 10/12
  7130 | D:8      | Paralysed by a hornet for 1 turns
  7269 | D:8      | Learned a level 4 spell: Ice Form
  7651 | D:8      | Found a hazy altar of Hepliaklqana.
  7733 | D:8      | Gained mutation: Armour fits poorly on your strangely
                  | shaped body. [mutagenic glow]
  7775 | D:8      | Lost mutation: Armour fits poorly on your strangely shaped
                  | body. [potion of mutation]
  7775 | D:8      | Gained mutation: You possess an exceptional clarity of
                  | mind. [potion of mutation]
  7775 | D:8      | Gained mutation: You passively map a small area around you.
                  | [potion of mutation]
  7775 | D:8      | Lost mutation: You possess an exceptional clarity of mind.
                  | [potion of mutation]
  7775 | D:8      | Gained mutation: You are robust. (+10% HP) [potion of
                  | mutation]
  8028 | D:8      | Gained mutation: You are clumsy. (Dex -2) [mutagenic glow]
  8041 | D:8      | Gained mutation: You occasionally lose the ability to drink
                  | potions when taking damage. [mutagenic glow]
  8138 | D:8      | Gained mutation: You are very clumsy. (Dex -4) [mutagenic
                  | glow]
  8241 | D:9      | Noticed a rust devil
  8333 | D:9      | Noticed a sun demon
  8521 | D:9      | Noticed a rust devil
  8529 | D:9      | Killed a rust devil
  8530 | D:9      | Noticed a smoke demon
  8541 | D:9      | Killed a smoke demon
  8559 | D:9      | Mangled by an ice devil

Illustrated notes

Levels and vault maps discovered:
D:1:      dpeg_arrival_stonehenge_8_columns, layout_basic, st_stairs_3,
          lexackson_kobold_supper
D:2:      layout_loops_ring
D:3:      layout_loops_corners, bloody_trog
D:4:      layout_gridville, nicolae_vehumet_radiance, nicolae_alphabet_shops,
          uniq_blork_the_orc
D:5:      layout_cave_pools, grunt_ministairs_8
D:6:      layout_basic, mainiacjoe_overflow_tiny_flanked, uniq_sigmund,
          uniq_pikel
D:7:      layout_loops_corners, minmay_temple_entry_enclosed_plants,
          serial_rivers, chequers_serial_rivers_large_a,
          chequers_serial_rivers_small_a, chequers_serial_rivers_small_3,
          chequers_serial_rivers_micro_b, chequers_serial_rivers_micro_e,
          minmay_ruffians, uniq_prince_ribbit1
D:8:      layout_gridville, lemuel_doored_altar,
          chequers_temple_overflow_statue_of_worship, uniq_joseph
D:9:      layout_rooms, serial_demonic, serial_demonic_g, serial_demonic_d,
          serial_demonic_c, serial_demonic_d, chequers_serial_rivers_small_a,
          minivault_14
Temple:   lightli_temple_of_artemis

Skill      XL: |  1  2  3  4  5  6  7  8  9 10 |
---------------+-------------------------------+-----
Fighting       | 1 2 4 6 |  6.0
Dodging        | 2 3 4 5 6 |  6.0
Throwing       | 2 |  2.0
Evocations     | 1 2 |  2.0
Spellcasting   | 2 4 |  4.2
Transmutations | 2 4 |  4.0
Armour         | 1 2 |  2.0
Stealth        | 2 |  2.0
Unarmed Combat | 4 6 8 |  8.0

Action                     |  1- 3 |  4- 6 |  7- 9 | 10-12 || total
---------------------------+-------+-------+-------+-------++-------
  Melee: Unarmed           |    92 |   118 |   251 |    85 ||   546
         Headbutt          |     6 |    15 |    31 |     7 ||    59
         Kick              |    13 |    29 |    54 |     6 ||   102
         Punch             |     2 |     5 |     6 |     3 ||    16
   Fire: Sling             |     2 |     2 |       |       ||     4
  Throw: Dart              |       |    16 |     3 |     7 ||    26
         Throwing net      |       |     2 |       |       ||     2
   Cast: Beastly Appendage |    21 |    32 |    37 |     9 ||    99
         Wereblood         |       |       |     5 |     6 ||    11
         Ice Form          |       |       |       |     3 ||     3
         Spider Form       |       |       |       |     1 ||     1
Ability: Lunge             |       |       |       |     4 ||     4
  Evoke: Wand              |       |       |       |     5 ||     5
    Use: Scroll            |       |     2 |     7 |     3 ||    12
         Potion            |       |       |     4 |     9 ||    13
   Stab: Sleeping          |       |       |       |     1 ||     1
 Armour: Robe              |    31 |    28 |    70 |    49 ||   178
         Skin              |       |       |       |    14 ||    14
  Dodge: Dodged            |    52 |    54 |   129 |    82 ||   317
